[Event "Titled Tuesday Blitz March 15 Late 2022"]
[White "Bettalli, Francesco"]
[Black "Rasulov, Vugar"]
[WhiteFideId "2816453"]
[BlackFideId "13402390"]
[WhiteElo "2216"]
[BlackElo "2560"]
[Result "0-1"]
[Round "03"]
[TimeControl "180+1"]
[Date "2022.03.16"]
[WhiteClock "0:02:00"]
[BlackClock "0:02:20"]

1. d4 Nf6 2. Nc3 d5 3. Bf4 c5 4. e3 cxd4 5. exd4 a6 6. Nf3 Bg4 7. Be2 Nc6 8. O-O e6 9. h3 Bxf3 10. Bxf3 Be7 11. Re1 O-O 12. Qd2 Qb6 13. Rab1 Qxd4 14. Qxd4 Nxd4 15. Bd1 Rac8 16. Be3 Nf5 17. Ne2 Nxe3 18. fxe3 Bc5 19. Nd4 e5 20. Nf3 Rfe8 21. c3 g6 22. Kh2 Kg7 23. Bb3 e4 24. Nd4 Bxd4 25. cxd4 Rc6 26. Rbc1 Rec8 27. Rxc6 Rxc6 28. Kg3 Kf8 29. Kf4 Ke7 30. Ke5 Re6+ 31. Kf4 Kd6 32. Rc1 Re8 33. g4 h6 34. h4 Nd7 35. h5 gxh5 36. gxh5 Rg8 37. Bd1 Rg1 38. Rb1 Nf6 39. Bc2 Nxh5+ 40. Kf5 Rg5# 0-1


[Site "https://www.chess.com"]

[Event "Titled Tuesday Blitz March 15 Late 2022"]
[White "Bilych, Olexiy"]
[Black "Elissalt Cardenas, Hector"]
[WhiteFideId "14156504"]
[BlackFideId "3500632"]
[WhiteElo "2176"]
[BlackElo "2159"]
[Result "1-0"]
[Round "03"]
[TimeControl "180+1"]
[Date "2022.03.16"]
[WhiteClock "0:00:16"]
[BlackClock "0:00:01"]

1. e4 d6 2. d4 Nf6 3. Nc3 e5 4. Nf3 Nbd7 5. Rg1 g6 6. g4 Bg7 7. g5 Nh5 8. Be3 O-O 9. Qd2 Nb6 10. O-O-O Be6 11. b3 Qe7 12. Be2 Rad8 13. d5 Bd7 14. a4 a6 15. Kb1 Rc8 16. h4 Rcd8 17. Ne1 Nc8 18. Bxh5 gxh5 19. Qe2 Bg4 20. f3 Bd7 21. Qd2 Kh8 22. Ne2 f5 23. Nd3 fxe4 24. fxe4 Bg4 25. Ng3 Qd7 26. Nf2 Bf3 27. Rdf1 Ne7 28. Nd3 Bg4 29. a5 Ng6 30. Qh2 Rxf1+ 31. Rxf1 Rf8 32. Rxf8+ Bxf8 33. Nf2 Bf3 34. Qh3 Qxh3 35. Nxh3 Nxh4 36. Kc1 Be7 37. Kd2 Bg4 38. Kd3 Bxh3 39. Nxh5 Bg4 40. Ng3 Kg7 41. c4 Ng6 42. Nf5+ Bxf5 43. exf5 Nh4 44. f6+ Bxf6 45. gxf6+ Kxf6 46. Ba7 Ng2 47. Bb8 Nf4+ 48. Ke4 h5 49. Bxc7 Ke7 50. c5 dxc5 51. Bxe5 Ng6 52. Bh2 Kd7 53. Bg1 Ne7 54. Bxc5 Ng6 55. Kf5 Ne7+ 56. Ke5 Ng6+ 57. Ke4 Ne7 58. Bf2 Ng6 59. Bg3 h4 60. Bh2 h3 61. b4 Ne7 62. d6 Nc8 63. Kd5 Na7 64. Kc5 Nc8 65. Bg3 Ke6 66. Bh2 Kd7 67. Kd5 Na7 68. Bg3 Nc8 69. Kc5 Ke6 70. Bf4 1-0


[Site "https://www.chess.com"]

[Event "Titled Tuesday Blitz March 15 Late 2022"]
[White "Bok, Benjamin"]
[Black "Ibarra Jerez, Jose Carlos"]
[WhiteFideId "1017063"]
[BlackFideId "2226332"]
[WhiteElo "2658"]
[BlackElo "2626"]
[Result "1-0"]
[Round "03"]
[TimeControl "180+1"]
[Date "2022.03.15"]
[WhiteClock "0:00:02"]
[BlackClock "0:00:02"]

1. d4 Nf6 2. c4 d6 3. Nf3 g6 4. g3 Bf5 5. Bg2 Bg7 6. O-O O-O 7. b3 Nc6 8. Bb2 Qd7 9. Nc3 Bh3 10. e4 Bxg2 11. Kxg2 e6 12. Qd3 Nh5 13. Rfe1 Rae8 14. d5 Ne5 15. Nxe5 Bxe5 16. Rad1 Bxc3 17. Qxc3 e5 18. c5 f5 19. f3 Rf7 20. cxd6 cxd6 21. Qd3 Ref8 22. Rf1 Nf6 23. h3 fxe4 24. fxe4 Nh5 25. Rxf7 Qxf7 26. Qe2 Kg7 27. Ba3 Qf6 28. Rd3 Qe7 29. Rf3 Rxf3 30. Qxf3 Nf6 31. Qd3 Qc7 32. Kf3 Kf7 33. Qc4 Qd7 34. Kg2 Ne8 35. Bc1 a6 36. Qf1+ Kg7 37. h4 h6 38. Qf3 Nf6 39. Bxh6+ Kxh6 40. Qxf6 1-0


[Site "https://www.chess.com"]

[Event "Titled Tuesday Blitz March 15 Late 2022"]
[White "Cervantes Landeiro, Thalia"]
[Black "Mekhitarian, Krikor Sevag"]
[WhiteFideId "3520498"]
[BlackFideId "2107660"]
[WhiteElo "2021"]
[BlackElo "2598"]
[Result "0-1"]
[Round "03"]
[TimeControl "180+1"]
[Date "2022.03.16"]
[WhiteClock "0:00:03"]
[BlackClock "0:00:03"]

1. d4 Nf6 2. c4 g6 3. Nc3 d5 4. cxd5 Nxd5 5. e4 Nxc3 6. bxc3 Bg7 7. Nf3 c5 8. Rb1 O-O 9. Be2 Qc7 10. O-O b6 11. Be3 Bb7 12. Qd3 Ba6 13. Qc2 cxd4 14. Bxd4 Bxe2 15. Qxe2 Nc6 16. Rfc1 Rac8 17. Bxg7 Kxg7 18. c4 Nb8 19. Nd4 Nd7 20. Nb5 Qb7 21. Qb2+ Kg8 22. e5 Nc5 23. Rd1 Rcd8 24. h3 Rd7 25. Rxd7 Qxd7 26. Nc3 Rc8 27. Nd5 Qe6 28. Rd1 Nd7 29. Qd4 Nxe5 30. Nc7 Qf5 31. Nd5 Nc6 32. Qe3 Qe6 33. Qd2 Qf5 34. Re1 e6 35. Ne3 Qc5 36. Qd7 Ne5 37. Qxa7 Kg7 38. Qa6 Nd3 39. Rd1 Ne5 40. Qb7 h5 41. Re1 Qc7 42. Qe4 Nd7 43. Qd4+ Kg8 44. Rd1 Ne5 45. Rc1 Rd8 46. Qf4 Qc5 47. Kh2 Nd3 48. Qf6 Qc7+ 49. g3 Nxc1 50. Ng2 Qd6 51. Nf4 Rf8 52. Nxh5 gxh5 53. Qg5+ Kh7 54. Qxh5+ Kg7 55. Qg5+ Kh7 56. Qh5+ Kg8 57. Qg5+ Kh8 58. Qg4 Qe5 59. Qh4+ Kg8 60. Qg4+ Qg7 61. Qf4 Nd3 62. Qe3 Ne5 63. Qf4 Nxc4 64. Qxc4 Rd8 65. Qf4 Rd5 66. h4 Qe5 67. Qg4+ Kf8 68. Qf3 Qf5 69. Qe3 b5 70. Qb6 Kg7 71. Qe3 Re5 72. Qd4 Qe4 73. Qb6 Rf5 74. Kg1 Qe1+ 75. Kg2 Qe4+ 76. Kg1 Qf3 77. Qd4+ Kh7 78. Kf1 Rd5 0-1


[Site "https://www.chess.com"]

[Event "Titled Tuesday Blitz March 15 Late 2022"]
[White "Chen, Justin"]
[Black "Mogranzini, Roberto"]
[WhiteFideId "2098199"]
[BlackFideId "810894"]
[WhiteElo "2449"]
[BlackElo "2469"]
[Result "1-0"]
[Round "03"]
[TimeControl "180+1"]
[Date "2022.03.16"]
[WhiteClock "0:00:06"]
[BlackClock "0:00:12"]

1. Nf3 Nf6 2. b3 g6 3. Bb2 Bg7 4. c4 O-O 5. g3 d6 6. d4 c5 7. dxc5 dxc5 8. Nc3 Qxd1+ 9. Rxd1 Ne4 10. Nxe4 Bxb2 11. Nxc5 Bc3+ 12. Nd2 Nc6 13. Bg2 Rd8 14. Bxc6 bxc6 15. f3 a5 16. e3 Bb4 17. Na4 Bh3 18. Rg1 h5 19. Ke2 Bf5 20. Ne4 Bxe4 21. fxe4 Kg7 22. Rxd8 Rxd8 23. Rd1 Rd6 24. Rxd6 exd6 25. Nb2 Kf6 26. Nd3 Bc3 27. Kd1 Kg5 28. h3 c5 29. Ke2 h4 30. g4 Kf6 31. Kf3 g5 32. Ke2 Ke6 33. Kd1 Kf6 34. Kc2 Ba1 35. Kb1 Bc3 36. Kc2 Ba1 37. Ne1 Ke6 38. Nf3 f6 39. Ne1 Ke5 40. Kd3 Ke6 41. Nc2 Bb2 42. Ne1 Ke5 43. Nf3+ Ke6 44. Nd2 Ba1 45. Nb1 Ke5 46. Na3 Ke6 47. Nb5 Bb2 48. Nc7+ Ke7 49. Nb5 Ke6 50. Na7 Kd7 51. Nb5 Kc6 52. Ke2 Ba1 53. Kd2 Bb2 54. Kc2 Be5 55. Na3 Bg3 56. Kd3 Be5 57. Nb1 Bb2 58. Nd2 Kd7 59. e5 Bxe5 60. Ke4 Kc6 61. Kf5 Kb6 62. Ke6 a4 63. Ne4 Ka5 64. Nxd6 Bxd6 65. Kxd6 Kb4 66. bxa4 Kxc4 67. a5 Kb5 68. Kd5 c4 69. Kd4 Kxa5 70. Kxc4 Kb6 71. Kd5 Kb5 72. Ke6 Kb4 73. Kxf6 Ka3 74. Kxg5 Kxa2 75. Kxh4 1-0


[Site "https://www.chess.com"]

[Event "Titled Tuesday Blitz March 15 Late 2022"]
[White "Chigaev, Maksim"]
[Black "Naroditsky, Daniel"]
[WhiteFideId "4108116"]
[BlackFideId "2026961"]
[WhiteElo "2502"]
[BlackElo "2608"]
[Result "1/2-1/2"]
[Round "03"]
[TimeControl "180+1"]
[Date "2022.03.15"]
[WhiteClock "0:00:12"]
[BlackClock "0:00:18"]

1. d4 Nf6 2. Nf3 g6 3. c4 Bg7 4. Nc3 O-O 5. e4 d6 6. Be2 e5 7. O-O exd4 8. Nxd4 Re8 9. f3 Nc6 10. Be3 Nh5 11. Nxc6 bxc6 12. Qd2 a5 13. Rad1 Be6 14. b3 Qb8 15. f4 Nf6 16. Bf3 Qb4 17. Bd4 Rad8 18. Kh1 c5 19. Bxf6 Bxf6 20. Nb5 Qxd2 21. Rxd2 Rc8 22. Na7 Rb8 23. Nb5 Rbc8 24. Na7 Rb8 25. Nb5 Re7 26. a4 h5 27. g3 Bh3 28. Rfd1 Rbe8 29. Kg1 Bc8 30. Kg2 Bb7 31. e5 Bxf3+ 32. Kxf3 dxe5 33. fxe5 Bxe5 34. Rd8 c6 35. Na7 Bd4 36. Rxe8+ Rxe8 37. Nxc6 Re3+ 38. Kg2 Rxb3 39. Nxd4 cxd4 40. Rxd4 Rb4 41. Rd8+ Kg7 42. Rc8 Rxa4 43. Rc6 Ra2+ 44. Kg1 Kf8 45. c5 Ke7 46. h4 a4 47. Ra6 a3 48. Kf1 Kd7 49. Kg1 Kc7 50. c6 Kd6 51. Kf1 Kc7 52. Kg1 Ra1+ 53. Kg2 a2 54. Kh2 Kd6 55. Kg2 f6 56. Kh2 g5 57. hxg5 fxg5 58. Kg2 g4 59. Kh2 Kc7 60. Kg2 Kd6 61. Kh2 Rc1 62. Rxa2 Rxc6 63. Kg2 Rc5 64. Ra6+ Ke5 65. Ra4 Kf5 66. Rf4+ Kg5 67. Ra4 Re5 68. Rb4 Ra5 69. Rc4 Rb5 70. Ra4 Re5 71. Rc4 Rb5 72. Ra4 Rb2+ 73. Kg1 Rb3 74. Ra5+ Kf6 75. Kg2 Rb2+ 76. Kg1 Kg6 77. Kh1 Rb3 78. Kg2 Rf3 79. Rb5 Rf5 80. Rb8 Ra5 81. Rb2 Kg5 82. Rc2 Rb5 83. Rd2 Ra5 84. Rb2 Rf5 85. Ra2 Re5 86. Rb2 h4 87. gxh4+ Kxh4 88. Ra2 Rb5 89. Ra1 Rb2+ 90. Kg1 Kh3 91. Rf1 g3 92. Ra1 Rc2 93. Rb1 Rh2 94. Ra1 Rg2+ 95. Kh1 Rh2+ 96. Kg1 Rg2+ 97. Kh1 Rh2+ 98. Kg1 1/2-1/2


[Site "https://www.chess.com"]

[Event "Titled Tuesday Blitz March 15 Late 2022"]
[White "Chiu, Isaac"]
[Black "Mikhalsky, Vladimir"]
[WhiteFideId "30900654"]
[BlackFideId "14144352"]
[WhiteElo "2117"]
[BlackElo "2301"]
[Result "0-1"]
[Round "03"]
[TimeControl "180+1"]
[Date "2022.03.16"]
[WhiteClock "0:01:44"]
[BlackClock "0:01:20"]

1. c4 c5 2. Nf3 Nf6 3. Nc3 d5 4. cxd5 Nxd5 5. d4 Nxc3 6. bxc3 g6 7. e3 Bg7 8. Be2 O-O 9. O-O Nc6 10. Bb2 Qb6 11. Qb3 Be6 12. Qxb6 axb6 13. c4 Rfd8 14. Rfd1 Ra4 15. Rd2 Bxc4 16. Bxc4 Rxc4 17. d5 Nb4 18. Bxg7 Kxg7 19. Rb1 Rxd5 20. Rdb2 Rc3 21. h3 Ra3 22. Re1 Rxa2 23. Rxa2 Nxa2 24. Ra1 Nc3 25. Ra7 Rd7 26. Ne5 Rc7 27. Nc4 b5 28. Na5 c4 29. Kf1 Ne4 30. f3 Nd6 31. e4 f6 32. Ke2 b4 33. Kd2 b3 34. Kc3 Nb5+ 0-1


[Site "https://www.chess.com"]

[Event "Titled Tuesday Blitz March 15 Late 2022"]
[White "Chyngyz, Sultai"]
[Black "Petesch, Gabriel"]
[WhiteFideId "13803158"]
[BlackFideId "2032465"]
[WhiteElo "1365"]
[BlackElo "2374"]
[Result "0-1"]
[Round "03"]
[TimeControl "180+1"]
[Date "2022.03.16"]
[WhiteClock "0:01:26"]
[BlackClock "0:00:20"]

1. e4 Nf6 2. e5 Nd5 3. c4 Nb6 4. d4 d6 5. f4 dxe5 6. fxe5 e6 7. Be3 c5 8. Nf3 cxd4 9. Nxd4 Qh4+ 10. Bf2 Qf4 11. Qe2 Qc1+ 12. Qd1 Bb4+ 13. Ke2 Qxb2+ 14. Nc2 Qxe5+ 15. Be3 Bc5 16. Nd4 Nc6 17. Nc2 Bxe3 18. Nxe3 Qxa1 19. g3 Qd4 20. Qc2 Qe5 21. Qd2 Nxc4 22. Qc1 Nd4+ 23. Kf2 Qxe3+ 24. Qxe3 Nxe3 25. Kxe3 Nf5+ 26. Kf2 O-O 27. Bd3 b6 28. Be4 Rb8 29. g4 Nd6 30. Bc2 Bb7 31. Re1 Rbc8 32. Bd3 Rfd8 33. Na3 Rc3 34. Bb1 Rxa3 35. Kg1 Ne4 36. Bxe4 Bxe4 37. Rxe4 Rxa2 38. Re1 h5 39. g5 Rdd2 40. h4 Rg2+ 41. Kh1 Rgb2 42. Rc1 Kh7 43. Rd1 e5 44. Re1 e4 45. Kg1 e3 46. Kf1 Rf2+ 47. Kg1 Rg2+ 48. Kh1 Rh2+ 49. Kg1 Rag2+ 50. Kf1 e2+ 51. Rxe2 Rxe2 52. g6+ fxg6 53. Kg1 Rhf2 54. Kh1 Rf1# 0-1


[Site "https://www.chess.com"]

[Event "Titled Tuesday Blitz March 15 Late 2022"]
[White "Constantinou, Peter"]
[Black "Postnikov, Daniil"]
[WhiteFideId "413038"]
[BlackFideId "4166329"]
[WhiteElo "2230"]
[BlackElo "2261"]
[Result "0-1"]
[Round "03"]
[TimeControl "180+1"]
[Date "2022.03.16"]
[WhiteClock "0:00:13"]
[BlackClock "0:00:17"]

1. e4 e6 2. d4 d5 3. exd5 exd5 4. Nf3 Nf6 5. Bd3 c5 6. O-O Nc6 7. Re1+ Be6 8. c4 Be7 9. dxc5 O-O 10. Bg5 dxc4 11. Bf1 Bxc5 12. Nbd2 Qb6 13. Bh4 Ng4 14. Ne4 Bb4 15. Re2 Rfe8 16. h3 Nge5 17. Nxe5 Nxe5 18. Rc2 Bf5 19. Re2 Nd3 20. Ng3 Bg6 21. Rxe8+ Rxe8 22. Qf3 Bc5 23. Nf5 Qxb2 24. Rd1 Qxa2 25. Bxd3 cxd3 26. Rxd3 Qa1+ 27. Kh2 Qe5+ 28. Qg3 Qxg3+ 29. Rxg3 Bxf5 30. Bf6 Bg6 31. Rc3 Bd6+ 0-1


[Site "https://www.chess.com"]

[Event "Titled Tuesday Blitz March 15 Late 2022"]
[White "Costachi, Mihnea"]
[Black "Indjic, Aleksandar"]
[WhiteFideId "1217518"]
[BlackFideId "911925"]
[WhiteElo "2464"]
[BlackElo "2616"]
[Result "0-1"]
[Round "03"]
[TimeControl "180+1"]
[Date "2022.03.15"]
[WhiteClock "0:00:02"]
[BlackClock "0:01:24"]

1. d4 Nf6 2. c4 c5 3. d5 e6 4. Nc3 exd5 5. cxd5 d6 6. Nf3 g6 7. Nd2 Bg7 8. e4 O-O 9. Be2 Re8 10. O-O Nbd7 11. h3 a6 12. a4 Rb8 13. Re1 Qc7 14. Bf1 h6 15. Ra2 g5 16. b3 Ne5 17. Nc4 Ng6 18. e5 Nxe5 19. Nxe5 Rxe5 20. Rxe5 dxe5 21. d6 Qc6 22. g3 Be6 23. Bg2 e4 24. Re2 Rd8 25. Nxe4 Nxe4 26. Bxe4 Qxd6 27. Qxd6 Rxd6 28. Ba3 Rd1+ 29. Kh2 b6 30. a5 bxa5 31. Bxc5 Bxb3 32. Bf5 Rd8 33. Bb6 Rb8 34. Bxa5 Rb5 35. Re8+ Bf8 36. Bc3 Rxf5 37. Bb4 Rxf2+ 38. Kg1 Rf3 39. Bxf8 Kh7 40. Bd6 a5 41. Be5 f6 42. Bd6 a4 43. Re7+ Kg6 44. Kg2 Bd5 45. Kh2 h5 46. g4 h4 47. Ra7 Rf1 48. Bf8 Rh1# 0-1


[Site "https://www.chess.com"]

[Event "Titled Tuesday Blitz March 15 Late 2022"]
[White "Dauner, Benedikt"]
[Black "Chiku-Ratte, Olivier-Kenta"]
[WhiteFideId "16225899"]
[BlackFideId "2614782"]
[WhiteElo "2230"]
[BlackElo "2324"]
[Result "0-1"]
[Round "03"]
[TimeControl "180+1"]
[Date "2022.03.16"]
[WhiteClock "0:00:04"]
[BlackClock "0:00:11"]

1. d4 Nf6 2. Nf3 g6 3. Bg5 Bg7 4. Nbd2 c5 5. dxc5 Na6 6. e4 Nxc5 7. e5 Nfe4 8. Be3 O-O 9. Nxe4 Nxe4 10. Bd3 d5 11. O-O b6 12. c3 Bb7 13. Bd4 f6 14. exf6 exf6 15. Nd2 Nd6 16. Qf3 Qd7 17. Rae1 Rae8 18. Qg3 Kf7 19. Qh4 Kg8 20. Qg3 Re6 21. Qh3 Rfe8 22. Rxe6 Qxe6 23. Qxe6+ Rxe6 24. Nf3 Kf7 25. Re1 Ne4 26. Re2 h6 27. Kf1 g5 28. Nd2 f5 29. Bxg7 Kxg7 30. f3 Nxd2+ 31. Rxd2 Kf6 32. Be2 f4 33. Kf2 Ke5 34. Bd1 Kd6 35. Bb3 Kc5 36. Bc2 a5 37. g3 fxg3+ 38. hxg3 Rf6 39. Rd4 b5 40. a3 Kd6 41. b4 axb4 42. axb4 Ke5 43. Bd3 Rc6 44. f4+ gxf4 45. gxf4+ Kd6 46. Bxb5 Rxc3 47. Be2 Rc2 48. Ke3 Rc3+ 49. Kf2 Bc8 50. b5 Kc5 51. Rd2 d4 52. Rb2 Bb7 53. Ke1 d3 54. Bd1 Rc4 55. Kd2 Rxf4 56. Kxd3 Rd4+ 57. Kc2 Be4+ 58. Kc1 Kb6 59. Rh2 Rd6 60. Be2 Ka5 61. Rh5 Rf6 62. Kd2 Kb6 63. Ke3 Bb7 64. Re5 Bc8 65. Rh5 Bd7 66. Re5 Kc7 67. Kd4 Rf4+ 68. Kc5 Rf6 69. Rd5 Be6 70. b6+ Kb7 71. Re5 Bd7 72. Bc4 Rc6+ 73. Kd4 Kxb6 74. Rb5+ Ka7 75. Rh5 Kb8 76. Bd5 Ra6 77. Ke5 Kc7 78. Rh2 Be8 79. Rh4 Kd8 80. Be6 Ke7 81. Rxh6 Bf7 82. Rf6 Bxe6 83. Rh6 Ra5+ 84. Kd4 Kd6 85. Rh5 Ra4+ 86. Kc3 Bd5 87. Rh6+ Kc5 88. Rh2 Ra3+ 89. Kb2 Ra2+ 90. Kc1 Rxh2 91. Kd1 Kd4 92. Kc1 Kc3 93. Kb1 Bb3 0-1


[Site "https://www.chess.com"]

[Event "Titled Tuesday Blitz March 15 Late 2022"]
[White "Della Morte, German"]
[Black "Peatman, Carter"]
[WhiteFideId "113522"]
[BlackFideId "2096480"]
[WhiteElo "2363"]
[BlackElo "2434"]
[Result "1/2-1/2"]
[Round "03"]
[TimeControl "180+1"]
[Date "2022.03.16"]
[WhiteClock "0:00:09"]
[BlackClock "0:00:02"]

1. e4 c5 2. Nf3 d6 3. d4 cxd4 4. Nxd4 Nf6 5. Nc3 Nc6 6. Bg5 Bd7 7. Qd2 Rc8 8. O-O-O Nxd4 9. Qxd4 Qa5 10. Bd2 a6 11. Kb1 Qc5 12. Qxc5 Rxc5 13. f3 e6 14. g4 Be7 15. h4 h6 16. Rg1 b5 17. Bf4 e5 18. Be3 Rc8 19. g5 hxg5 20. hxg5 Nh5 21. Nd5 Bd8 22. a4 bxa4 23. Bxa6 Ra8 24. Bc4 Be6 25. Bb5+ Kf8 26. Bc6 Ra5 27. Nb4 a3 28. b3 Nf4 29. Rd2 Rh3 30. Rf1 Bxg5 31. Ba4 Be7 32. Ka2 d5 33. Nc6 Rxa4 34. Bxf4 dxe4 35. Bxe5 Rxf3 36. Rfd1 f6 37. Bd6 Ra6 38. Bxe7+ Kg8 39. Nb4 Rb6 40. Re2 e3 41. Rde1 Kf7 42. Bc5 Rb5 43. Nd3 Bf5 44. Bxe3 Bxd3 45. cxd3 Rd5 46. d4 f5 47. Kxa3 f4 48. Bg1 Rb5 49. Rb1 Rd3 50. Re5 Rxe5 51. dxe5 f3 52. Rf1 Ke6 53. Bh2 g5 54. Ka4 g4 55. b4 Rd2 56. Bf4 Rd4 57. Bg3 Rd2 58. Kb5 Rg2 59. Bf4 f2 60. Be3 g3 61. Kc4 Kxe5 62. b5 Ke4 63. b6 Rh2 64. b7 Rh8 65. Ba7 g2 66. Rxf2 g1=Q 67. Re2+ Kf3 68. Bxg1 Kxe2 69. Bh2 Kf3 70. Kc5 Ke4 71. Kc6 Kd4 72. Bd6 Kc4 73. Kd7 Kb5 74. Bc7 Ka6 75. b8=Q Rxb8 76. Bxb8 1/2-1/2


[Site "https://www.chess.com"]

[Event "Titled Tuesday Blitz March 15 Late 2022"]
[White "Demchenko, Anton"]
[Black "Curtis, John"]
[WhiteFideId "4160258"]
[BlackFideId "3200256"]
[WhiteElo "2539"]
[BlackElo "2203"]
[Result "1-0"]
[Round "03"]
[TimeControl "180+1"]
[Date "2022.03.16"]
[WhiteClock "0:02:00"]
[BlackClock "0:01:16"]

1. e4 e6 2. d4 d5 3. Nd2 dxe4 4. Nxe4 Nd7 5. Nf3 Ngf6 6. Nxf6+ Nxf6 7. g3 Be7 8. Bg2 O-O 9. O-O c5 10. Qe2 cxd4 11. Rd1 Qb6 12. Nxd4 Rd8 13. c3 Bd7 14. Be3 Qc7 15. Nb5 Bxb5 16. Qxb5 Rxd1+ 17. Rxd1 h6 18. a4 Nd5 19. Bxd5 exd5 20. Rxd5 Rd8 21. Bxa7 Rxd5 22. Qxd5 b5 23. Qa8+ Kh7 24. axb5 Qe5 25. Be3 1-0


[Site "https://www.chess.com"]

[Event "Titled Tuesday Blitz March 15 Late 2022"]
[White "Donchenko, Alexander"]
[Black "Brunner, Nicolas"]
[WhiteFideId "24603295"]
[BlackFideId "620246"]
[WhiteElo "2539"]
[BlackElo "2372"]
[Result "1-0"]
[Round "03"]
[TimeControl "180+1"]
[Date "2022.03.15"]
[WhiteClock "0:01:08"]
[BlackClock "0:00:04"]

1. Nf3 c5 2. c4 Nc6 3. Nc3 g6 4. e3 Nf6 5. d4 cxd4 6. exd4 d5 7. cxd5 Nxd5 8. Qb3 e6 9. Bb5 Bg7 10. O-O O-O 11. Bxc6 bxc6 12. Re1 Qb6 13. Qc2 a5 14. Na4 Qb5 15. a3 h6 16. Ne5 Bb7 17. Bd2 Rfd8 18. Nc5 a4 19. Rac1 Rac8 20. Nxa4 c5 21. Nxc5 Ba8 22. a4 Qb6 23. a5 Qb5 24. h3 Nb4 25. Qb3 Rxd4 26. Nxe6 Rxc1 27. Bxc1 fxe6 28. Qxe6+ Kh8 29. Nxg6+ Kh7 30. Ne7 Rd8 31. Qg6+ Kh8 32. Bxh6 Bxb2 33. Qf7 Be4 34. Rxe4 Rd1+ 35. Kh2 Be5+ 36. f4 Rh1+ 37. Kxh1 Qf1+ 38. Kh2 Bxf4+ 39. Rxf4 1-0


[Site "https://www.chess.com"]

[Event "Titled Tuesday Blitz March 15 Late 2022"]
[White "Drozdowski, Kacper"]
[Black "Lysyj, Igor"]
[WhiteFideId "1136720"]
[BlackFideId "4150120"]
[WhiteElo "2507"]
[BlackElo "2611"]
[Result "1-0"]
[Round "03"]
[TimeControl "180+1"]
[Date "2022.03.15"]
[WhiteClock "0:00:27"]
[BlackClock "0:00:16"]

1. e4 e5 2. Nf3 Nc6 3. Bc4 Bc5 4. c3 Nf6 5. d3 d6 6. Bb3 h6 7. h3 a5 8. Nbd2 O-O 9. Nh2 d5 10. Qf3 dxe4 11. dxe4 a4 12. Bc2 Be6 13. a3 Nh7 14. Ndf1 Qf6 15. Ng3 Qxf3 16. Nxf3 Nf6 17. Nf5 Rfd8 18. g4 Ne8 19. Be3 Bxe3 20. Nxe3 Nd6 21. O-O-O f6 22. h4 Ne7 23. g5 b5 24. Rdg1 Kh8 25. Nd2 Nb7 26. Nf5 Bxf5 27. exf5 Nc5 28. Rh3 Rd6 29. Ne4 Nxe4 30. Bxe4 Rf8 31. gxh6 gxh6 32. Rhg3 Rg8 33. Kc2 Rxg3 34. fxg3 Kg7 35. g4 c5 36. c4 Rd4 37. Bd3 bxc4 38. Be2 Nd5 39. Rg3 e4 40. Kc1 Kf7 41. g5 hxg5 42. hxg5 fxg5 43. Rxg5 Kf6 44. Rg6+ Kxf5 45. Rc6 c3 46. bxc3 Nxc3 47. Rxc5+ Nd5 48. Kc2 Ke5 49. Rc8 Nf4 50. Bc4 e3 51. Re8+ Kd6 52. Kc3 Rd1 53. Rd8+ 1-0


[Site "https://www.chess.com"]

[Event "Titled Tuesday Blitz March 15 Late 2022"]
[White "Ezat, Mohamed"]
[Black "Lehtosaari, Mauri"]
[WhiteFideId "10600906"]
[BlackFideId "501999"]
[WhiteElo "2386"]
[BlackElo "2477"]
[Result "1-0"]
[Round "03"]
[TimeControl "180+1"]
[Date "2022.03.16"]
[WhiteClock "0:00:11"]
[BlackClock "0:00:12"]

1. d4 d5 2. c4 c6 3. Nc3 Nf6 4. cxd5 cxd5 5. Bf4 Nc6 6. e3 a6 7. Bd3 Bg4 8. f3 Bh5 9. Nge2 e6 10. O-O Bd6 11. Rc1 O-O 12. Na4 Rc8 13. Nc5 Bxc5 14. Rxc5 Qb6 15. Qc1 Nd7 16. Rc3 Bg6 17. Bxg6 hxg6 18. a3 Rfe8 19. Bg3 Ne7 20. Nf4 Rxc3 21. Qxc3 Rc8 22. Qd2 Qc6 23. h3 Nf5 24. Bf2 Qc2 25. Qb4 b5 26. g4 Nh6 27. Qd6 Qc6 28. Qxc6 Rxc6 29. Nd3 Kf8 30. Nb4 Rc4 31. Nxa6 Rc2 32. Rb1 Nb6 33. Nb4 Rd2 34. Be1 Re2 35. Bf2 Nc4 36. Kf1 Rxb2 37. Rxb2 Nxb2 38. Ke2 Nc4 39. Nc2 Ng8 40. Kd3 Ke7 41. Kc3 Kd7 42. e4 Kc6 43. Nb4+ Kd6 44. Bg3+ Kd7 45. exd5 Nxa3 46. dxe6+ fxe6 47. Nd3 Nf6 48. Ne5+ Kc8 49. Nxg6 Nd5+ 50. Kb3 Nc4 51. Nf4 Nd2+ 52. Kc2 Nxf3 53. Nxe6 g6 54. Kd3 Kd7 55. Nc5+ Kc6 56. h4 Nf6 57. Ke3 Nxd4 58. Kxd4 Nxg4 59. Nd3 Nh6 60. Ne5+ Kb6 61. Bf2 Ka5 62. Ke4 Nf5 63. Nxg6 Nxh4 64. Nxh4 Ka4 65. Nf3 b4 66. Kd3 b3 67. Kc3 Kb5 68. Kxb3 Kc6 69. Kc4 Kd6 70. Kd4 Ke6 71. Ke4 Kd6 72. Ne5 Ke6 73. Bc5 Kf6 74. Nf3 Ke6 75. Nd4+ Kf6 76. Bd6 Kf7 77. Kf5 Ke8 78. Ke6 Kd8 79. Be5 Kc8 80. Kd6 Kb7 81. Kc5 Kc8 82. Kc6 Kd8 83. Bd6 Kc8 84. Nb5 Kd8 85. Na7 Ke8 86. Kd5 Kf7 87. Ke5 Kg6 88. Nc6 Kg5 89. Nd4 Kg4 90. Ke4 Kh3 91. Kf3 Kh4 92. Ne6 Kh3 93. Be5 Kh4 94. Bg3+ Kh5 95. Kf4 Kg6 96. Ke5 Kh5 97. Kf5 Kh6 98. Nf4 Kg7 99. Ke6 Kh6 100. Kf6 Kh7 101. Ne6 Kh6 102. Ng7 Kh7 103. Bf4 Kg8 104. Kg6 Kf8 105. Bd6+ Kg8 106. Nh5 Kh8 107. Kh6 Kg8 108. Kg6 Kh8 109. Ng3 Kg8 110. Nf5 Kh8 111. Be7 Kg8 112. Nh6+ Kh8 113. Bf6# 1-0


[Site "https://www.chess.com"]

[Event "Titled Tuesday Blitz March 15 Late 2022"]
[White "Farmani Anosheh, Armin"]
[Black "Aldokhin, Ivan"]
[WhiteFideId "24613240"]
[BlackFideId "24115720"]
[WhiteElo "2289"]
[BlackElo "2231"]
[Result "0-1"]
[Round "03"]
[TimeControl "180+1"]
[Date "2022.03.16"]
[WhiteClock "0:00:02"]
[BlackClock "0:00:08"]

1. e4 e6 2. d4 d5 3. Nd2 Nf6 4. e5 Nfd7 5. Bd3 c5 6. c3 b6 7. Qe2 cxd4 8. cxd4 Nc6 9. Ngf3 Nb4 10. O-O Nxd3 11. Qxd3 a5 12. Re1 Ba6 13. Qe3 Be7 14. Nb1 Rc8 15. Nc3 O-O 16. a4 Bb4 17. Bd2 Nb8 18. h4 Kh8 19. h5 h6 20. g4 Rg8 21. Kh2 Be7 22. Rg1 g5 23. hxg6 Rxg6 24. Rg3 Nc6 25. Rh3 Kg7 26. Rxh6 Rxg4 27. Rg1 Rxg1 28. Nxg1 Qg8 29. Nh3 Kf8 30. Qf4 Bd3 31. Be3 Bf5 32. Ng5 Ke8 33. Qg3 Kd7 34. Nb5 Qg7 35. Qh4 Rg8 36. f4 Bg6 37. Qh3 Nd8 38. Bd2 Ke8 39. Rh4 Bf5 40. Qc3 Bxg5 41. fxg5 Rh8 42. Rxh8+ Qxh8+ 43. Kg1 Qh3 44. Nd6+ Kf8 45. Qxh3 Bxh3 46. Nc8 Nc6 0-1


[Site "https://www.chess.com"]

[Event "Titled Tuesday Blitz March 15 Late 2022"]
[White "Fedoseev, Vladimir"]
[Black "Lashkin, Jegor"]
[WhiteFideId "24130737"]
[BlackFideId "13907808"]
[WhiteElo "2726"]
[BlackElo "2344"]
[Result "1-0"]
[Round "03"]
[TimeControl "180+1"]
[Date "2022.03.15"]
[WhiteClock "0:00:33"]
[BlackClock "0:00:05"]

1. Nf3 d5 2. g3 g6 3. Bg2 Bg7 4. d4 c6 5. O-O Nf6 6. b3 O-O 7. Bb2 Bf5 8. Nbd2 Nbd7 9. Nh4 Be6 10. Re1 a5 11. a4 c5 12. e4 dxe4 13. Nxe4 Nxe4 14. Bxe4 Qc7 15. d5 Bxb2 16. dxe6 Bxa1 17. Qxd7 Qxd7 18. exd7 Bf6 19. Bxb7 Rab8 20. Bc6 Rb6 21. Bb5 Rd6 22. Nf3 Rd8 23. Kf1 e6 24. Re4 Kf8 25. Ke2 Bd4 26. Nxd4 Rxd4 27. Rxd4 cxd4 28. Kd3 e5 29. f4 exf4 30. gxf4 Ke7 31. Kxd4 g5 32. fxg5 Rg8 33. h4 h6 34. gxh6 Rg4+ 35. Kc5 Rxh4 36. Kb6 Rxh6+ 37. Kc7 Rh8 38. c4 f5 39. c5 f4 40. c6 f3 41. Kb7 f2 42. c7 Rh5 1-0


[Site "https://www.chess.com"]

[Event "Titled Tuesday Blitz March 15 Late 2022"]
[White "Fiorito, Fabian"]
[Black "Domingo Nunez, Alejandro"]
[WhiteFideId "100200"]
[BlackFideId "22245561"]
[WhiteElo "2395"]
[BlackElo "2215"]
[Result "0-1"]
[Round "03"]
[TimeControl "180+1"]
[Date "2022.03.16"]
[WhiteClock "0:00:08"]
[BlackClock "0:00:39"]

1. e4 g6 2. d4 Bg7 3. Nc3 d6 4. Be3 a6 5. Qd2 b5 6. a4 b4 7. Na2 a5 8. c3 bxc3 9. Nxc3 Nf6 10. f3 O-O 11. Bc4 Nc6 12. Nge2 Nb4 13. O-O d5 14. Bb3 c6 15. Rac1 Ba6 16. e5 Nd7 17. Na2 Nxa2 18. Bxa2 c5 19. Bxd5 Rb8 20. dxc5 Nxe5 21. Rfd1 Nd3 22. Bc4 Nxc1 23. Qxc1 Qc8 24. b3 Bxc4 25. Qxc4 Rb4 26. Qc2 Qe6 27. Rd3 Rfb8 28. c6 Rc8 29. c7 Be5 30. Bh6 Qb6+ 31. Be3 Qxc7 32. Qxc7 Rxc7 33. Bh6 Bd6 34. Bd2 Rb8 35. Bxa5 Rcb7 36. Nd4 Bc5 37. b4 Ba7 38. b5 Rd7 39. Kf1 Rxd4 40. Rxd4 Bxd4 41. Ke2 Ra8 42. Kd3 Rxa5 43. Kxd4 Rxa4+ 44. Kc5 Ra2 45. b6 Rxg2 46. b7 Rb2 0-1


[Site "https://www.chess.com"]